 Seeded DCSS version 0.30-a0-1008-g30c9307041 (webtiles) character file.

Game seed: 14461705092793326849 (custom seed)

2676 Pimp the Ducker (level 9, -2/67 HPs)
             Began as a Djinni Fire Elementalist on Apr 5, 2023.
             Was a Believer of Makhleb.
             Slain by an orc knight
             ... wielding a +0 war axe
              (11 damage)
             ... in a bailey.
             The game lasted 00:35:57 (6563 turns).

Pimp the Ducker (Djinni Fire Elementalist)          Turns: 6563, Time: 00:35:58

Health: -2/67      AC:  5    Str:  7    XL:     9   Next: 95%
Gold:   1302       EV: 16    Int: 27    God:    Makhleb [**....] SH:  0 Dex: 16

rFire   + + .      SeeInvis .    g - +4 short sword
rCold   x . .      Faith    .    (no shield)
rNeg    . . .      Spirit   .    a - +0 robe
rPois   ∞          Reflect  .    (no helmet)
rElec   .          Rampage  .    n - +1 cloak
rCorr   .                        l - +0 pair of gloves
Will    .....                    (boots unavailable)
Stlth   ++                       (no amulet)
HPRegen 0.31/turn                u - ring of Ehik {rPois Int+6 Dex+2 Slay+2}
MPRegen 0.00/turn                h - ring of wizardry

@: flying
A: sickness immunity, fire resistance 2, cold vulnerability 1, float, innate
caster, HP casting, extra vitality 1
a: Renounce Religion, Minor Destruction


You were in a bailey.
You worshipped Makhleb.
Makhleb was pleased with you.
You visited 1 branch of the dungeon, and saw 7 of its levels.
You also visited: Sewer and Bailey.

You collected 1302 gold pieces.

Inventory:

Hand Weapons
 c - a +1 dagger of venom
 g - a +4 short sword (weapon)
 r - the +9 staff of Wucad Mu {*channel}
   (You found it on level 4 of the Dungeon)

   *Channel:  It often returns the magic spent to cast spells, but lowers their
   success rate.
   It always returns the magic spent on miscasts.
 x - a +3 spear
 D - a +4 dagger of freezing
Armour
 a - a +0 robe (worn)
 l - a +0 pair of gloves (worn)
 n - a +1 cloak (worn)
Jewellery
 d - a ring of protection from cold
 h - a ring of wizardry (right hand)
 u - the ring of Ehik (left hand) {rPois Int+6 Dex+2 Slay+2}
   (You acquired it in a bailey)

   [ring of intelligence]

   Int:       It affects your intelligence (+6).
   Dex:       It affects your dexterity (+2).
   Slay:      It affects your accuracy & damage with ranged weapons and melee
   (+2).
   rPois:     It protects you from poison.
 y - a +6 ring of strength
 C - a ring of positive energy
Wands
 q - a wand of charming (6)
Scrolls
 b - 3 scrolls of vulnerability
 f - 5 scrolls of identify
 i - 3 scrolls of poison
 j - 3 scrolls of silence
 k - 3 scrolls of blinking
 m - 2 scrolls of enchant armour {unknown}
 s - a scroll of magic mapping {unknown}
 t - 2 scrolls of torment {unknown}
 v - a scroll of fog {unknown}
Potions
 e - 3 potions of curing
 o - 2 potions of brilliance {unknown}
 p - 6 potions of degeneration
 w - a potion of haste {unknown}
 z - a potion of mutation {unknown}
 A - a potion of might {unknown}


   Skills:
 + Level 6.4 Fighting
 - Level 2.4(3.0) Short Blades
 + Level 2.6(3.1) Long Blades
 + Level 2.9 Armour
 + Level 7.7 Dodging
 - Level 1.9 Stealth
 + Level 5.6 Spellcasting


You knew the following spells:

 Your Spells              Type           Power      Damage    Failure   Level
a - Foxfire               Conj/Fire      100%       2x1d9     1%          1
b - Scorch                Fire           76%        2d8       1%          2
c - Volatile Blastmotes   Fire/Tloc      76%        2d16      1%          3
d - Inner Flame           Hex/Fire       38%        N/A       1%          3
e - Flame Wave            Conj/Fire      38%        2d10      2%          4
f - Freeze                Ice            100%       1d10      1%          1
g - Momentum Strike       Conj/Tloc      76%        3d10      1%          2
h - Portal Projectile     Hex/Tloc       76%        N/A       1%          3
i - Call Canine Familiar  Summ           38%        N/A       1%          3
Your spell library was empty.

Dungeon Overview and Level Annotations

Branches:
Dungeon (7/15)              Sewer (visited)          Bailey (1/1)
 Temple: D:4-7

Altars:
Hepliaklqana
Makhleb
Nemelex Xobeh
Qazlal
Xom
Yredelemnul
The Shining One


Innate Abilities, Weirdness & Mutations

You are immune to sickness and miasma.
You are immune to poison.
Your flesh is very heat resistant. (rF++)
You are vulnerable to cold. (rC-)
You float through the air rather than walking.
You learn spells naturally, not from books.
Your magical power is your life essence.
You have superior vitality. (+4 MHP)


Message History

Your wolf barely misses the orc knight.
The orc knight closely misses your wolf.
Your wolf barely misses the orc knight.
Casting: Foxfire (safe; 1% risk of failure)
Confirm with . or Enter, or press ? or * to list all spells.
You conjure some foxfire!
The foxfire hits the orc knight.
The orc knight is heavily wounded.
The foxfire hits the orc knight but does no damage.
The orc knight is heavily wounded.
Your wolf bites the orc knight but does no damage.
The orc knight hits your wolf with a +0 war axe.
Your wolf closely misses the orc knight.
Casting: Foxfire (safe; 1% risk of failure)
Confirm with . or Enter, or press ? or * to list all spells.
You conjure some foxfire!
The foxfire hits the orc knight but does no damage.
The orc knight is heavily wounded.
Your wolf bites the orc knight.
The orc knight hits your wolf with a +0 war axe!!
Your wolf dies!
Your wolf's corpse disappears in a puff of smoke!
The orc knight closely misses your foxfire.
The orc knight hits your foxfire with a +0 war axe!
The foxfire hits the orc knight but does no damage.
The orc knight is heavily wounded.
Casting: Foxfire (safe; 1% risk of failure)
Confirm with . or Enter, or press ? or * to list all spells.
Flames lash the orc knight.
The orc knight is severely wounded.
The orc knight's fire resistance burns away.
The foxfire hits the orc knight but does no damage.
The orc knight is severely wounded.
The foxfire hits the orc knight but does no damage.
The orc knight is severely wounded.
The orc knight attacks as you move away!
The orc knight hits you with a +0 war axe!!
* * * LOW HITPOINT WARNING * * *
It was a potion of curing.
You feel better.
The orc knight hits you with a +0 war axe!
You die...

...).# ....### ♣♣♣♣♣♣
..#'#.### ♣♣♣..♣.♣
###)....###♣......♣
#..)).....##......♣♣
...)..)....#.......♣♣
.........)))..).....♣
.....⌠....))§§∩.∩..♣♣
.......)...'§..o@..♣
....)......#..§.....♣
#.......).##......♣♣♣
###.....###♣.♣....♣
..#'#.### ♣♣♣.♣..♣
.)).### ♣♣♣♣♣♣ .....#
.....# .....#


You could see an orc knight (combustible).

Vanquished Creatures
  Grinder (D:5)
  2 water moccasins
  3 orc warriors (Bailey)
  A black bear (D:4)
  2 ogres
  A centaur (D:5)
  2 kobold brigands
  2 bullfrogs
  A gnoll sergeant (D:6)
  6 scorpions
  4 hounds
  An orc priest (D:4)
  2 jellies
  2 gnoll boudas
  2 iguanas
  4 orc wizards
  28 gnolls
  11 adders
  A white imp (D:7)
  An ufetubus (D:5)
  3 worms (D:3)
  3 dart slugs
  27 orcs
  4 ball pythons
  9 endoplasms
  10 giant cockroaches
  20 goblins
  16 hobgoblins
  3 jackals
  7 quokkas
  8 bats
  5 frilled lizards
  15 kobolds
  9 rats
  A spectral orc (D:5)
217 creatures vanquished.

Vanquished Creatures (others)
  344 foxfires
344 creatures vanquished.

Grand Total: 561 creatures vanquished

Notes
Turn   | Place    | Note
-------+----------+-------------------------------------------
     0 | D:1      | Pimp the Djinni Fire Elementalist began the quest for the
                  | Orb.
     0 | D:1      | Pimp set off with the following spells memorised: Foxfire,
                  | Scorch, Volatile Blastmotes, Inner Flame, Flame Wave.
     0 | D:1      | Reached XP level 1. HP: 15/15 MP: 0/0
   183 | D:1      | Reached XP level 2. HP: 18/21 MP: 0/0
   493 | D:1      | Reached XP level 3. HP: 17/25 MP: 0/0
   493 | D:1      | Learned a level 1 spell: Freeze
   984 | D:2      | Found a sparkling altar of Nemelex Xobeh.
  1121 | D:2      | Reached skill level 3 in Dodging
  1128 | D:2      | Reached skill level 1 in Fighting
  1162 | D:2      | Reached XP level 4. HP: 22/32 MP: 0/0
  1568 | D:3      | Reached skill level 1 in Short Blades
  1721 | D:3      | Identified a scroll of acquirement
  1721 | D:3      | Acquired 940 gold pieces
  2089 | D:3      | Reached XP level 5. HP: 16/37 MP: 0/0
  2089 | D:3      | Learned a level 2 spell: Momentum Strike
  2546 | D:5      | Entered Level 5 of the Dungeon
  2546 | D:5      | Noticed a centaur
  2547 | D:5      | Noticed a water moccasin
  2554 | D:4      | Noticed a black bear
  2569 | D:3      | Reached XP level 6. HP: 21/43 MP: 0/0
  2762 | D:4      | Noticed an ogre
  2772 | D:4      | Killed an ogre
  2773 | D:4      | Reached skill level 4 in Dodging
  3130 | D:4      | Killed a black bear
  3131 | D:4      | Reached XP level 7. HP: 44/50 MP: 0/0
  3131 | D:4      | Learned a level 3 spell: Portal Projectile
  3221 | D:4      | Found a sparkling altar of Nemelex Xobeh.
  3238 | D:4      | Found a basalt altar of Yredelemnul.
  3345 | D:4      | Found a shimmering altar of Xom.
  3438 | D:4      | Found the +9 staff of Wucad Mu {*channel}
  3723 | D:5      | Reached skill level 5 in Dodging
  3767 | D:5      | Reached XP level 8. HP: 17/58 MP: 0/0
  4018 | D:5      | Found a hazy altar of Hepliaklqana.
  4112 | D:5      | Noticed Grinder
  4116 | D:5      | Killed Grinder
  4117 | D:5      | Reached skill level 6 in Dodging
  4208 | D:5      | Reached skill level 5 in Fighting
  4308 | D:5      | Found a stormy altar of Qazlal.
  4406 | D:5      | Found a glowing golden altar of the Shining One.
  4492 | D:5      | Found a burning altar of Makhleb.
  4526 | D:5      | Became a worshipper of Makhleb the Destroyer
  4689 | D:6      | Reached XP level 9. HP: 27/65 MP: 0/0
  4689 | D:6      | Learned a level 3 spell: Call Canine Familiar
  4847 | D:6      | Reached skill level 5 in Spellcasting
  5044 | D:6      | Found a glowing drain.
  5058 | Sewer    | Entered a sewer
  5157 | Sewer    | Reached skill level 1 in Armour
  5157 | Sewer    | Reached skill level 7 in Dodging
  5194 | Sewer    | Found a white marble altar of Elyvilon.
  5279 | D:6      | Reached skill level 1 in Long Blades
  5399 | D:6      | Reached * piety under Makhleb
  5702 | D:7      | Found a flagged portal.
  5772 | D:7      | Reached ** piety under Makhleb
  5802 | Bailey   | Entered a bailey
  6532 | Bailey   | Noticed an orc knight
  6536 | Bailey   | Acquired the ring of Ehik {rPois Int+6 Dex+2 Slay+2}
  6562 | Bailey   | HP: 3/67 [orc knight/+0 war axe (19)]
  6563 | Bailey   | Slain by an orc knight

Illustrated notes

Levels and vault maps discovered:
D:1:      wander_arrival_peaceful_grave, layout_basic, serial_curves,
          eino_curves_03, eino_curves_03, roderic_filled_cross,
          minmay_hexomino_p4
D:2:      layout_rooms, basic_altar
D:3:      minmay_chambers_of_threes, layout_basic
D:4:      minmay_evil_eye, layout_loops_cross, lemuel_round_altar,
          mainiacjoe_overflow_small_starburst, nemelex_dance_club_becter,
          grunt_ministairs_2
D:5:      cheibrodos_barr_body, layout_rooms, demons_altar,
          nicolae_hepliaklqana_monster_ancestors, nicolae_tso_carved_into_rock,
          mainiacjoe_overflow_alcove_4, grunt_ministairs_15, uniq_grinder
D:6:      layout_gridville, portal_sewer_entry_f
D:7:      layout_rooms, nicolae_uskayaw_murder_on_the_dancefloor,
          minmay_temple_entry_enclosed_plants, enter_bailey_7
Bailey:   bailey_axe_minmay_hex_keep, bailey

Skill      XL: |  1  2  3  4  5  6  7  8  9 |
---------------+----------------------------+-----
Dodging        | 3 4 5 6 7 |  7.7
Fighting       | 1 2 3 4 5 6 |  6.4
Short Blades   | 1 2 |  2.4
Spellcasting   | 3 4 5 |  5.6
Armour         | 2 |  2.9
Long Blades    | 2 |  2.6
Stealth        | |  1.9

Action                     |  1- 3 |  4- 6 |  7- 9 || total
---------------------------+-------+-------+-------++-------
  Melee: Unarmed           |    10 |       |       ||    10
         Dagger            |    22 |    17 |    19 ||    58
         Short sword       |       |       |    76 ||    76
         Punch             |       |       |     1 ||     1
   Cast: Foxfire           |    64 |    50 |   110 ||   224
         Scorch            |       |    13 |    71 ||    84
         Volatile Blastmot |       |    13 |    37 ||    50
         Flame Wave        |       |     1 |     1 ||     2
         Inner Flame       |       |       |     5 ||     5
         Call Canine Famil |       |       |     1 ||     1
    Use: Scroll            |     7 |     2 |     1 ||    10
         Potion            |       |     1 |     3 ||     4
   Stab: Sleeping          |     1 |     1 |     4 ||     6
         Distracted        |       |     1 |       ||     1
 Armour: Robe              |     7 |     8 |    33 ||    48
  Dodge: Dodged            |    27 |    21 |   128 ||   176

Table legend: (Time is in decaauts)
 A = Elapsed time spent in this place.
 B = Non-inter-level travel time spent in this place.
 C = Inter-level travel time spent in this place.
 D = Time resting spent in this place.
 E = Time spent auto-exploring this place.
 F = Levels seen in this place.
 G = Mean time per level.
                   A        B        C        D        E       F      G
               +--------+--------+--------+--------+--------+-----+--------+
         Total |   6546 |   6207 |    339 |   1767 |   2511 |   9 |  727.3 |
       Dungeon |   5613 |   5274 |    339 |   1260 |   2456 |   7 |  801.9 |
         Sewer |    173 |    173 |      0 |     38 |     48 |   1 |  173.0 |
        Bailey |    758 |    758 |      0 |    469 |      7 |   1 |  758.0 |
               +--------+--------+--------+--------+--------+-----+--------+

Top non-repeatable levels by time:
     D:3: 1123 daAuts
     D:4: 1108 daAuts
     D:1: 937 daAuts
     D:6: 886 daAuts
     D:5: 843 daAuts
  Bailey: 758 daAuts
     D:2: 535 daAuts
     D:7: 179 daAuts
   Sewer: 173 daAuts
